 Dungeon Crawl Stone Soup version 0.29.1-15-g9cfb28693d (webtiles) character file.

Game seed: 11094219967607534421

119 buriedalive the Chiller (level 4, -12/24 HPs)
             Began as a Deep Elf Ice Elementalist on Apr 20, 2023.
             Killed from afar by a steam dragon (16 damage)
             ... with a ball of steam
             ... on level 3 of the Dungeon.
             The game lasted 00:04:39 (3584 turns).

buriedalive the Chiller (Deep Elf Ice Elementalist) Turns: 3584, Time: 00:04:40

Health: -12/24     AC:  2    Str:  5    XL:     4   Next: 73%
Magic:  12/12      EV: 13    Int: 22    God:
Gold:   138        SH:  0    Dex: 15    Spells: 5/12 levels left

rFire   . . .      SeeInvis .   i - +5 whip
rCold   . . .      Faith    .   (no shield)
rNeg    . . .      Spirit   .   a - +0 robe
rPois   .          Reflect  .   (no helmet)
rElec   .          Harm     .   (no cloak)
rCorr   .          Rampage  .   (no gloves)
Will    .....                   (no boots)
Stlth   ++........              (no amulet)
HPRegen 0.08/turn               (no ring)
MPRegen 0.13/turn               (no ring)

@: brilliant
A: no striking features
a: no special abilities


You were on level 3 of the Dungeon.
You visited 1 branch of the dungeon, and saw 3 of its levels.

You collected 138 gold pieces.

Inventory:

Hand Weapons
 e - a +0 whip
 f - a +0 dagger
 i - a +5 whip (weapon)
Missiles
 c - 7 poisoned darts
 g - 23 stones
Armour
 a - a +0 robe (worn)
Jewellery
 h - a ring of fire
 l - an amulet of guardian spirit
Scrolls
 d - 2 scrolls of identify {unknown}
 k - a scroll of fear {unknown}
 n - a scroll of noise {unknown}
 o - a scroll of blinking {unknown}
 p - a scroll of teleportation {unknown}
Potions
 b - 2 potions of magic
 j - a potion of brilliance
 m - a potion of lignification {unknown}
 q - 3 potions of curing {unknown}


   Skills:
 + Level 4.0 Dodging
 - Level 2.4 Stealth
 + Level 4.6 Spellcasting
 + Level 5.3 Ice Magic


You had 5 spell levels left.
You knew the following spells:

 Your Spells              Type           Power      Damage    Failure   Level
a - Freeze                Ice            100%       1d11      1%          1
b - Ozocubu's Armour      Ice            42%        N/A       3%          3
c - Frozen Ramparts       Ice            84%        1d13      3%          3

Your spell library contained the following spells:

 Spells                   Type           Power      Damage    Failure   Level
 Foxfire                  Conj/Fire      28%        2x1d5     11%         1
 Conjure Flame            Conj/Fire      7%         6-21      32%         3
 Inner Flame              Hex/Fire       7%         N/A       32%         3
 Hailstorm                Conj/Ice       25%        3d7       34%         4
 Flame Wave               Conj/Fire      7%         2d5       71%         4


Dungeon Overview and Level Annotations

Branches:
Dungeon (3/15)

Altars:
Nemelex Xobeh
Wu Jian


Message History

You now have 124 gold pieces (gained 2).
You now have 138 gold pieces (gained 14).
Found a sling.
A rat comes into view.
Casting: Freeze (safe; 1% risk of failure)
Confirm with . or Enter, or press ? or * to list all spells.
Aiming: Freeze (safe; 1% risk of failure)
Press: ? - help, Shift-Dir - straight line, f - rat
Aim: a rat You freeze the rat!
You kill the rat!
q - a purple potion
Found a club.
You open the door.
Found an escape hatch in the floor.
Found a stone staircase leading up.
Found a stone staircase leading down.
You open the door.
There is an open door here.
A ball python comes into view.
The helpless ball python fails to defend itself.
You hit the ball python.
You kill the ball python!
No target in view!
No target in view!
g - 23 stones (gained 4)
q - 3 purple potions (gained 2)
A steam dragon comes into view.
The steam dragon hisses angrily.
The steam dragon breathes steam at you. The ball of steam hits you!
Ouch! That really hurt!
You are engulfed in a cloud of scalding steam.
* * * LOW HITPOINT WARNING * * *
It was a potion of brilliance.
You feel clever all of a sudden. The steam dragon breathes steam at you.
The ball of steam hits you!
Ouch! That really hurt!
You die...

#.#####.......#
#.##..........#
#§##.##.......#.#
#D##.##..........
#.##.##.......#...
#.##.##............
#§##.##............
#§##.##......##....
#.@..##......# ..
#####........#
#........#
#.....#### #.....#
#.....# #.....#
#.....# #.....#


There were no monsters in sight!

Vanquished Creatures
  Terence (D:2)
  3 adders
  2 worms
  A dart slug (D:1)
  4 ball pythons
  7 bats
  5 endoplasms
  3 giant cockroaches
  3 goblins
  6 hobgoblins
  2 quokkas (D:2)
  3 frilled lizards
  9 kobolds
  9 rats
58 creatures vanquished.

Notes
Turn   | Place    | Note
-------+----------+-------------------------------------------
     0 | D:1      | buriedalive the Deep Elf Ice Elementalist began the quest
                  | for the Orb.
     0 | D:1      | Reached XP level 1. HP: 10/10 MP: 6/6
   170 | D:1      | Reached XP level 2. HP: 15/15 MP: 6/8
  1313 | D:1      | Reached XP level 3. HP: 16/19 MP: 10/10
  1365 | D:1      | Found a faded altar of an unknown god.
  2473 | D:2      | Noticed Terence
  2480 | D:2      | Reached skill level 5 in Ice Magic
  2483 | D:2      | Killed Terence
  2484 | D:2      | Reached XP level 4. HP: 11/24 MP: 6/12
  2669 | D:2      | Learned a level 3 spell: Ozocubu's Armour
  2673 | D:2      | Learned a level 3 spell: Frozen Ramparts
  2869 | D:3      | Found a sparkling altar of Nemelex Xobeh.
  2977 | D:3      | Found an ornate altar of the Wu Jian Council.
  3579 | D:3      | Noticed a steam dragon
  3584 | D:3      | Killed from afar by a steam dragon

Illustrated notes

Levels and vault maps discovered:
D:1:      matt_arrival_los_fun, layout_loops_ring,
          hellmonk_ecumenical_altar_defaced_shrine
D:2:      layout_loops_ring, minmay_bisected, uniq_terence
D:3:      layout_basic, mainiacjoe_overflow_tiny_flanked, old_standard_altar,
          hangedman_decor_points

Skill      XL: |  1  2  3  4 |
---------------+-------------+-----
Dodging        | 3 4 |  4.0
Spellcasting   | 4 |  4.6
Ice Magic      | 5 |  5.3
Stealth        | |  2.4

Action                   |  1- 3 |  4- 6 || total
-------------------------+-------+-------++-------
Melee: Dagger            |    24 |       ||    24
       Whip              |    30 |    18 ||    48
       Unarmed           |     1 |       ||     1
 Cast: Freeze            |    43 |     8 ||    51
  Use: Potion            |       |     1 ||     1
 Stab: Sleeping          |     3 |     3 ||     6
Armor: Robe              |    11 |       ||    11
Dodge: Dodged            |    60 |    12 ||    72
